 Dungeon Crawl Stone Soup version 0.28-a0-1080-g05a166d0ed (webtiles) character file.

Game seed: 12032638115249660402

404 ytrimaz the Insei (level 6, -2/61 HPs)
             Began as an Octopode Transmuter on Dec 9, 2021.
             Succumbed to Ijyb's poison
             ... on level 4 of the Dungeon.
             The game lasted 00:07:25 (5181 turns).

ytrimaz the Insei (Octopode Transmuter)             Turns: 5181, Time: 00:07:25

Health: -2/61      AC: 23    Str: 10    XL:     6   Next: 86%
Magic:  8/10       EV:  2    Int: 23    God:
Gold:   120        SH:  0    Dex: 12    Spells: 7/11 levels left

rFire   . . .      SeeInvis .     - Unarmed
rCold   . . .      Faith    .   (no shield)
rNeg    . . .      Spirit   .   (helmet currently unavailable)
rPois   +          Reflect  .   d - amulet of the acrobat
rElec   .          Harm     .   h - +4 ring of evasion
rCorr   .          Rampage  .   j - +6 ring of intelligence
Will    +....      NoTele   +   c - ring of willpower
Stlth   +.........              (no ring)
HPRegen 0.20/turn               (no ring)
MPRegen 0.12/turn               (no ring)
                                (no ring)
                                (no ring)

@: lethally poisoned (-2 -> -27), tree-form
A: stationary, stasis, torment immunity, boosted hp, almost no armour,
(amphibious), 8 rings, (camouflage 1), (gelatinous body 1), (nimble swimmer 1),
(tentacles)
a: no special abilities


You were on level 4 of the Dungeon.
You were a tree.
You visited 1 branch of the dungeon, and saw 4 of its levels.

You collected 175 gold pieces.
You spent 55 gold pieces at shops.

Inventory:

Jewellery
 a - an amulet of faith
 c - a ring of willpower (on tentacle)
 d - an amulet of the acrobat (around neck)
 h - a +4 ring of evasion (left branch)
 j - a +6 ring of intelligence (right branch)
Scrolls
 e - 2 scrolls of amnesia
 f - a scroll of identify
 g - a scroll of enchant armour
 i - 2 scrolls of noise
Potions
 b - a potion of lignification
 k - 2 potions of attraction


   Skills:
 * Level 2.6 Fighting
 * Level 3.9 Dodging
 + Level 4.6 Unarmed Combat
 * Level 3.1 Spellcasting
 * Level 3.1 Transmutations
 + Level 1.1 Poison Magic


You had 7 spell levels left.
You knew the following spells:

 Your Spells              Type           Power      Damage    Failure   Level
a - Beastly Appendage     Tmut           34%        N/A       3%          1
b - Spider Form           Tmut/Pois      13%        N/A       14%         3

Your spell library contained the following spells:

 Spells                   Type           Power      Damage    Failure   Level
 Sting                    Tmut/Pois      52%        1d5       4%          1
 Wereblood                Tmut           17%        N/A       4%          2
 Poisonous Vapours        Pois/Air       12%        N/A       14%         2
 Ensorcelled Hibernation  Hex/Ice        6%         N/A       17%         2
 Ice Form                 Ice/Tmut       10%        N/A       52%         4
 Olgreb's Toxic Radiance  Pois           8%         N/A       56%         4
 Summon Ice Beast         Ice/Summ       3%         N/A       75%         4
 Summon Mana Viper        Hex/Summ       3%         N/A       97%         5
 Monstrous Menagerie      Summ           1%         N/A       100%        7


Dungeon Overview and Level Annotations

Branches:
Dungeon (4/15)
 Temple: D:4-7

Altars:

Shops:
D:2 *

Annotations:
D:2 exclusion: door
D:3 1 runed translucent door, Crazy Yiuf
D:4 Ijyb, Menkaure, Natasha


Innate Abilities, Weirdness & Mutations

You are a tree.
Your roots penetrate the ground, keeping you stationary.
You cannot be teleported.
You are immune to unholy pain and torment.
Your maximum health is greatly increased.
You cannot wear most types of armour.
((You are amphibious.))
You can wear up to eight rings at the same time.
((Your skin changes colour to match your surroundings (Stealth+).))
((Your rubbery body absorbs attacks. (AC +1, EV +1)))
((You are camouflaged near water. (Stealth+)))
((You have tentacles for arms and can constrict up to eight enemies at once.))


Message History

The jackal completely misses you. x2
Unknown command.
The jackal completely misses you. The jackal completely misses you. x2
You barely miss the jackal. The jackal misses you.
You hit the jackal but do no damage.
The jackal is poisoned.
The jackal closely misses you.
You hit the jackal.
You kill the jackal!
Ijyb zaps a wand.
The mass of ice explodes!
The iceblast engulfs you! Ijyb completely misses you.
Unknown command.
You hit Ijyb but do no damage.
Ijyb is poisoned.
Ijyb misses you.
You barely miss Ijyb.
Ijyb hits you with a +2 dagger of venom.
You are lethally poisoned!
You hit Ijyb but do no damage.
Ijyb looks as sick as possible!
Ijyb is lightly wounded.
Your transformation is almost over.
You feel very sick.
Ijyb hits you with a +2 dagger of venom.
* * * LOW HITPOINT WARNING * * *
You are more poisoned.
Really quaff the potion of lignification?
Your transformation has ended.
You turn into a tree.
Your roots penetrate the ground.
* * * LOW HITPOINT WARNING * * *
You feel extremely sick. Ijyb hits you but does no damage.
Unknown command.
Unknown command.
You barely miss Ijyb.
Ijyb is moderately wounded.
* * * LOW HITPOINT WARNING * * *
You feel very sick. Ijyb hits you but does no damage.
Unknown command.
You hit Ijyb.
Ijyb is severely wounded.
You die...

.......########....
.>.....g...).......
........###.#......
........# #g# .....
........# #.# ....
....##### #.# ... ....
####.# .. #+# #g...# .
#.######♣################
#........................
######.###.###.##........
#)# #.# #.##........
########.###.###'##........
#..........................
#........####..............
#........# #.........(....
#........# #.......####...


You could see Ijyb (extremely poisoned).

Vanquished Creatures
  Sigmund (D:4)
  A jelly (D:2)
  2 hounds (D:4)
  A bullfrog skeleton (D:3)
  Natasha (D:4)
  2 adders (D:4)
  2 dart slugs
  5 bats
  7 endoplasms
  3 giant cockroaches
  6 goblins
  5 hobgoblins
  8 jackals
  13 kobolds
  A quokka (D:2)
  6 ball pythons
  5 frilled lizards (D:2)
  5 rats
74 creatures vanquished.

Vanquished Creatures (others)
  3 plants (D:2)
  5 toadstools (D:2)
8 creatures vanquished.

Grand Total: 82 creatures vanquished

Notes
Turn   | Place    | Note
-------+----------+-------------------------------------------
     0 | D:1      | ytrimaz the Octopode Transmuter began the quest for the
                  | Orb.
     0 | D:1      | Reached XP level 1. HP: 13/13 MP: 3/3
   480 | D:1      | Reached XP level 2. HP: 14/18 MP: 1/5
   799 | D:1      | Found a faded altar of an unknown god.
  1782 | D:2      | Found Ecatad's General Store.
  1791 | D:2      | Reached XP level 3. HP: 23/23 MP: 6/6
  1797 | D:2      | Learned a level 3 spell: Spider Form
  1802 | D:2      | Bought a scroll of identify for 20 gold pieces
  1802 | D:2      | Bought a scroll of amnesia for 35 gold pieces
  3208 | D:2      | Reached XP level 4. HP: 15/29 MP: 7/7
  3652 | D:3      | Reached XP level 5. HP: 26/34 MP: 8/8
  3822 | D:3      | Found a runed translucent door.
  3823 | D:3      | Noticed Crazy Yiuf
  4213 | D:4      | Noticed Menkaure
  4317 | D:4      | Noticed a black bear
  4609 | D:4      | Noticed Natasha
  4621 | D:4      | Killed Natasha
  4622 | D:4      | Reached skill level 4 in Unarmed Combat
  4882 | D:4      | Noticed Natasha
  4917 | D:4      | Found a glowing drain.
  4995 | D:4      | Noticed Sigmund
  5007 | D:4      | Noticed Ijyb
  5009 | D:4      | Killed Sigmund
  5010 | D:4      | Reached skill level 1 in Poison Magic
  5010 | D:4      | Reached XP level 6. HP: 38/41 MP: 7/10
  5180 | D:4      | HP: 3/61 [poisoned by Ijyb]
  5181 | D:4      | Succumbed to Ijyb's poison

Illustrated notes

Levels and vault maps discovered:
D:1:      ncdulo_lavacross, layout_basic, chequers_ecumenical_altar_simple
D:2:      cheibrodos_fertilizer, layout_basic, serial_bayou,
          serial_bayou_ford_a, serial_bayou_lagoon_a, serial_bayou_lake_a,
          serial_bayou_pond_e, serial_shops, nicolae_diamond_shop
D:3:      layout_rooms, uniq_crazy_yiuf_cottage
D:4:      layout_basic, serial_shops, kennysheep_little_box,
          gup_sewer_entry_glass, uniq_menkaure, uniq_ijyb, uniq_sigmund,
          uniq_natasha

Skill      XL: |  1  2  3  4  5  6 |
---------------+-------------------+-----
Dodging        | 3 |  3.9
Fighting       | 2 |  2.6
Unarmed Combat | 4 |  4.6
Poison Magic   | 1 |  1.1
Spellcasting   | 3 |  3.1
Transmutations | 3 |  3.1

Action                   |  1- 3 |  4- 6 || total
-------------------------+-------+-------++-------
Melee: Unarmed           |   109 |    80 ||   189
       Constrict         |    24 |    12 ||    36
       Tentacles         |    14 |    11 ||    25
       Kick              |     1 |     1 ||     2
       Punch             |     2 |     1 ||     3
 Cast: Beastly Appendage |     2 |     2 ||     4
       Spider Form       |     2 |     5 ||     7
  Use: Scroll            |     6 |     6 ||    12
       Potion            |     3 |     2 ||     5
 Stab: Sleeping          |    14 |       ||    14
Armor: Skin              |     9 |     6 ||    15
Dodge: Dodged            |    56 |    94 ||   150

Table legend: (Time is in decaauts)
 A = Elapsed time spent in this place.
 B = Non-inter-level travel time spent in this place.
 C = Inter-level travel time spent in this place.
 D = Time resting spent in this place.
 E = Time spent auto-exploring this place.
 F = Levels seen in this place.
 G = Mean time per level.
                   A        B        C        D        E       F      G
               +--------+--------+--------+--------+--------+-----+--------+
         Total |   5186 |   4974 |    212 |    794 |   3333 |   4 | 1296.5 |
       Dungeon |   5186 |   4974 |    212 |    794 |   3333 |   4 | 1296.5 |
               +--------+--------+--------+--------+--------+-----+--------+

Top non-repeatable levels by time:
     D:2: 1871 daAuts
     D:1: 1767 daAuts
     D:3: 878 daAuts
     D:4: 669 daAuts
